 Dungeon Crawl Stone Soup version 0.24-a0-528-g98e85ec (webtiles) character file.

Game seed: 8813756583651090285

19654 Dracunculus the Basher (level 12, -5/76 HPs)
             Began as a Gargoyle Fighter on Aug 5, 2019.
             Was a High Priest of Okawaru.
             Killed from afar by an oklob plant (13 damage)
             ... with a splash of acid
             ... on level 4 of the Lair of Beasts.
             The game lasted 00:25:23 (10382 turns).

Dracunculus the Basher (Gargoyle Fighter)          Turns: 10382, Time: 00:25:24

Health: -5/76      AC: 18    Str: 23    XL:     12   Next: 71%
Magic:  18/18      EV:  5    Int:  7    God:    Okawaru [*****.]
Gold:   745        SH: 17    Dex: 10    Spells: 9/11 levels left

rFire    . . .     SeeInvis .   E - +9 mace of the Other Side {freeze, +Inv rPois Int-3}
rCold    . . .     Gourm    .   u - +0 large shield
rNeg     + . .     Faith    .   s - +0 chain mail
rPois    ∞         Spirit   .   g - +1 helmet
rElec    +         Reflect  .   p - scarf {repulsion}
rCorr    .         Harm     .   (no gloves)
MR       .....                  (no boots)
Stlth    ..........             k - amulet of the acrobat
HPRegen  0.22/turn              r - +5 ring of slaying
MPRegen  0.16/turn              K - ring of wizardry

@: corroded, very slightly contaminated, repel missiles
A: negative energy resistance 1, electricity resistance, unbreathing,
petrification resistance, rot immunity, AC +8
a: Heroism, Finesse, Renounce Religion, Evoke Invisibility


You were on level 4 of the Lair of Beasts.
You worshipped Okawaru.
Okawaru was extremely pleased with you.
You were very hungry.

You visited 2 branches of the dungeon, and saw 14 of its levels.

You collected 811 gold pieces.
You spent 66 gold pieces at shops.

Inventory:

Hand Weapons
 D - the +7 mace of Variability {chain chaos}
   (Okawaru gifted it to you on level 2 of the Lair of Beasts)

   Each time it hits an enemy it has a different, random effect.
 E - the +9 mace of the Other Side (weapon) {freeze, +Inv rPois Int-3}
   (You found it on level 9 of the Dungeon)

   It has been specially enchanted to freeze those struck by it, causing extra
   injury to most foes and up to half again as much damage against particularly
   susceptible opponents.
   It can also slow down cold-blooded creatures.
   It affects your intelligence (-3).
   It protects you from poison.
   It lets you turn invisible.
Armour
 g - a +1 helmet (worn)
 p - a scarf of repulsion (worn)
 s - a +0 chain mail (worn)
 u - a +0 large shield (worn)
Jewellery
 k - an amulet of the acrobat (around neck)
 n - an uncursed ring of fire
 r - a +5 ring of slaying (left hand)
 H - an uncursed amulet of magic regeneration
 K - a ring of wizardry (right hand)
 N - an uncursed ring of positive energy
Wands
 c - a wand of acid (5)
 t - a wand of random effects (12)
 x - a wand of disintegration (4)
 B - a wand of enslavement (23)
 F - a wand of paralysis (10)
 I - a wand of polymorph (12)
Scrolls
 b - a scroll of enchant armour
 h - 3 scrolls of magic mapping
 i - 3 scrolls of remove curse
 w - 4 scrolls of teleportation
 y - 2 scrolls of fog
 A - 10 scrolls of identify
 G - a scroll of vulnerability
Potions
 a - 2 potions of invisibility
 d - 3 potions of might
 e - 2 potions of magic
 j - 7 potions of flight
 l - 5 potions of haste
 m - 5 potions of lignification
 o - 7 potions of curing
 q - 3 potions of berserk rage
 v - 2 potions of brilliance
 z - a potion of cancellation
 C - 3 potions of heal wounds
 M - a potion of degeneration {unknown}
Miscellaneous
 J - a fan of gales (inert)
Comestibles
 f - 27 rations


   Skills:
 + Level 9.1 Fighting
 * Level 11.7 Maces & Flails
 + Level 9.2 Armour
 + Level 9.2 Shields
 + Level 8.2 Invocations
 + Level 6.9 Evocations


You had 9 spell levels left.
You knew the following spells:

 Your Spells              Type           Power        Failure   Level  Hunger
a - Passwall              Tmut/Erth      #.......     100%        2    ###....

Your spell library contained the following spells:

 Spells                   Type           Power        Failure   Level  Hunger
 Animate Skeleton         Necr           N/A          100%        1    ##.....
 Apportation              Tloc           #.....       100%        1    ##.....
 Beastly Appendage        Tmut           #.....       100%        1    ##.....
 Confusing Touch          Hex            #.....       100%        1    ##.....
 Corona                   Hex            #......      100%        1    ##.....
 Sandblast                Erth           #.....       100%        1    ##.....
 Summon Small Mammal      Summ           #...         100%        1    ##.....
 Ensorcelled Hibernation  Hex/Ice        #.....       100%        2    ###....
 Sticks to Snakes         Tmut           #.......     100%        2    ###....
 Confuse                  Hex            #.......     100%        3    ####...
 Dazzling Spray           Conj/Hex       #.....       100%        3    ####...
 Spider Form              Tmut/Pois      #.........   100%        3    ####...
 Stone Arrow              Conj/Erth      #.....       100%        3    ####...
 Tukima's Dance           Hex            #.......     100%        3    ####...
 Ice Form                 Ice/Tmut       #.......     100%        4    #####..
 Petrify                  Tmut/Erth      #.......     100%        4    #####..
 Blade Hands              Tmut           #.........   100%        5    ######.
 Lee's Rapid Deconstruct  Erth           #.........   100%        5    ######.


Dungeon Overview and Level Annotations

Branches:
Dungeon (9/15)             Temple (0/1) D:6            Lair (5/6) D:9
  Swamp (0/4) Lair:2       Spider (0/4) Lair:4
  Slime: Lair:5-6       Orc: D:9-12

Altars:
Elyvilon
Hepliaklqana
Kikubaaqudgha
Makhleb
Okawaru
Qazlal
Sif Muna
Trog
Uskayaw
The Shining One

Shops:
D:4 **

Annotations:
Lair:4 exclusion: 3 oklob plants


Innate Abilities, Weirdness & Mutations

You are resistant to torment.
Your stone body is resilient. (AC +8)
You are immune to poison.
You resist negative energy. (rN+)
You are resistant to electric shocks. (rElec)
You can survive without breathing.
You are immune to petrification.
You are immune to rotting.


Message History

The wolf bites the plant.
Okay, then.
Evoke which item? (* to show all) (? for menu, Esc to quit)
A fierce wind blows from the fan.
The monsters around you are blown away!
The wolf collides with the wolf!
The wolf howls!
You hear a bellow!
The wolf bites you but does no damage.
A wolf comes into view.
You block the wolf's attack.
The wolf moves out of view.
You block the wolf's attack. The wolf bites you but does no damage.
You block the wolf's attack. The wolf bites you but does no damage.
A mysterious force pulls you upwards. The hatch slams shut behind you.
Level annotation: exclusion: 3 oklob plants The oklob plant spits acid at you.
The splash of acid hits you but does no damage.
You are splashed with acid!
* * * LOW HITPOINT WARNING * * *
The oklob plant spits acid at you. The splash of acid hits you!
You die...

##...P###....#P..######## ### ##.
###...##P........## ##
#..##...........####### ######
###..####...#.P...##.P#.####.#PP.
##P..####..####..................
##....##...# ##..................
.....####..# #P..............###.
.....# #.##########.......### ##
#....# #.# #PPP@PP#.......## #
##...####.# #≈≈hhP≈#........# #
##....##..# #≈h...≈#.......## #
##....#...###......#.......# #
..........#>.......#...#...## #
..........#>.......'..##P...# #
..........#>.......##.##...## #
..........###......###..#..## ##
..........# #≈....≈#........# #P


You could see 2 oklob plants and 3 wolves.

Vanquished Creatures
  A catoblepas (Lair:3)
  5 hydras
  3 black mambas
  A spiny frog (Lair:3)
  2 rime drakes
  2 komodo dragons
  A tyrant leech (Lair:2)
  5 blink frogs (Lair:4)
  A dream sheep (Lair:3)
  3 hippogriffs
  4 redbacks (Lair:4)
  15 yaks
  Sigmund (D:5)
  A wyvern (D:9)
  3 basilisks
  A hungry ghost (D:9)
  Edmund (D:5)
  3 swamp worms (Lair:2)
  5 water moccasins
  An acid dragon (D:9)
  12 porcupines
  3 orc warriors (D:8)
  3 ice beasts
  9 ogres
  A phantom (D:6)
  10 wolves
  2 centaurs (D:9)
  8 crocodiles
  6 bullfrogs
  A gnoll sergeant (D:5)
  5 scorpions
  10 killer bees (D:8)
  5 howler monkeys
  5 wights (D:8)
  2 crimson imps
  2 bullfrog zombies
  A centaur zombie (D:2)
  A hound (D:8)
  A centaur skeleton (D:9)
  4 orc priests
  A jelly (D:7)
  10 orc wizards
  A bullfrog skeleton (D:8)
  An iguana (Lair:2)
  2 worker ants
  A hound skeleton (D:5)
  A howler monkey skeleton (D:9)
  3 gnolls (D:5)
  12 adders
  A shadow imp (D:6)
  An adder zombie (D:8)
  An adder skeleton (D:3)
  A worm (D:2)
  4 dart slugs
  8 leopard geckos
  30 orcs
  7 giant cockroaches
  9 goblins
  6 hobgoblins
  11 jackals
  2 quokkas
  3 ball pythons
  5 bats
  2 frilled lizards (D:1)
  A giant cockroach zombie (D:5)
  3 kobolds
  A rat (D:1)
278 creatures vanquished.

Vanquished Creatures (others)
  An orc wizard (D:8)
  2 fungi (Lair:1)
  A plant (Lair:3)
4 creatures vanquished.

Grand Total: 282 creatures vanquished

Notes
Turn   | Place    | Note
-------+----------+-------------------------------------------
     0 | D:1      | Dracunculus the Gargoyle Fighter began the quest for the
                  | Orb.
     0 | D:1      | Reached XP level 1. HP: 14/14 MP: 1/1
   164 | D:1      | Reached XP level 2. HP: 19/19 MP: 2/2
   285 | D:1      | Reached skill level 3 in Maces & Flails
   590 | D:2      | Found a deep blue altar of Sif Muna.
   601 | D:2      | Reached skill level 4 in Maces & Flails
   601 | D:2      | Reached XP level 3. HP: 19/23 MP: 3/3
   602 | D:2      | Found an ancient bone altar of Kikubaaqudgha.
   667 | D:2      | Reached XP level 4. HP: 25/28 MP: 4/4
  1278 | D:3      | Reached XP level 5. HP: 32/32 MP: 5/5
  1339 | D:3      | Found a hazy altar of Hepliaklqana.
  1629 | D:4      | Reached skill level 5 in Maces & Flails
  1695 | D:4      | Found Bizothaf's General Store.
  1704 | D:4      | Bought 2 potions of curing for 66 gold pieces
  1719 | D:4      | Found Fotiety's Assorted Antiques.
  1724 | D:4      | Found an iron altar of Okawaru.
  1758 | D:4      | Found a hide-covered altar of Uskayaw.
  1768 | D:4      | Became a worshipper of Warmaster Okawaru
  1795 | D:4      | Reached XP level 6. HP: 33/37 MP: 6/6
  1900 | D:4      | Found a white marble altar of Elyvilon.
  1918 | D:4      | Reached skill level 1 in Invocations
  1918 | D:4      | Reached skill level 1 in Evocations
  2126 | D:4      | Reached * piety under Okawaru
  2180 | D:4      | Found a bloodstained altar of Trog.
  2207 | D:4      | Found a burning altar of Makhleb.
  2341 | D:5      | Entered Level 5 of the Dungeon
  2360 | D:5      | Reached XP level 7. HP: 42/42 MP: 6/8
  2656 | D:5      | Reached skill level 6 in Maces & Flails
  2757 | D:5      | Noticed Edmund
  2771 | D:5      | Killed Edmund
  2792 | D:5      | Noticed Sigmund
  2796 | D:5      | Killed Sigmund
  2796 | D:5      | Reached XP level 8. HP: 48/48 MP: 9/9
  2810 | D:5      | Reached ** piety under Okawaru
  3143 | D:6      | Reached skill level 5 in Armour
  3143 | D:6      | Reached skill level 5 in Shields
  3145 | D:6      | Found a glowing golden altar of the Shining One.
  3158 | D:6      | Found a stormy altar of Qazlal.
  3230 | D:6      | Found a staircase to the Ecumenical Temple.
  3695 | D:7      | Reached skill level 5 in Fighting
  3695 | D:7      | Reached skill level 7 in Maces & Flails
  3921 | D:7      | Reached XP level 9. HP: 54/54 MP: 11/11
  4316 | D:8      | Reached *** piety under Okawaru
  4546 | D:8      | Upgraded the game from 0.24-a0-525-g9231cdc to
                  | 0.24-a0-528-g98e85ec
  4609 | D:8      | Reached skill level 8 in Maces & Flails
  4837 | D:8      | Reached **** piety under Okawaru
  4970 | D:8      | Reached skill level 5 in Invocations
  4970 | D:8      | Reached XP level 10. HP: 60/60 MP: 13/13
  5265 | D:9      | Got a crystal mace
  5266 | D:9      | Identified the +9 mace of the Other Side {freeze, +Inv
                  | rPois Int-3} (You found it on level 9 of the Dungeon)
  5284 | D:9      | Got a steaming leather armour
  5295 | D:9      | Identified the +0 leather armour "Naixoroje" {*Drain Int+6}
                  | (You found it on level 9 of the Dungeon)
  5386 | D:9      | Reached skill level 9 in Maces & Flails
  5566 | D:9      | Found a staircase to the Lair.
  6117 | Lair:1   | Entered Level 1 of the Lair of Beasts
  6208 | Lair:1   | Reached ***** piety under Okawaru
  6227 | Lair:1   | Reached skill level 5 in Evocations
  7068 | Lair:2   | Noticed a black mamba
  7082 | Lair:2   | Killed a black mamba
  7088 | Lair:2   | Reached XP level 11. HP: 55/67 MP: 15/15
  7092 | Lair:2   | Received a gift from Okawaru
  7093 | Lair:2   | Found the +7 mace of Variability {chain chaos}
  7149 | Lair:2   | Reached skill level 10 in Maces & Flails
  7247 | Lair:2   | Noticed a four-headed hydra
  7267 | Lair:2   | Killed a four-headed hydra
  7578 | Lair:2   | Noticed a six-headed hydra
  7584 | Lair:2   | Killed a six-headed hydra
  7642 | Lair:2   | You fall into a shaft and drop 2 floors!
  7649 | Lair:4   | Found a hole to the Spider Nest.
  7810 | Lair:3   | Noticed a catoblepas
  7843 | Lair:3   | Killed a catoblepas
  8057 | Lair:3   | Noticed a four-headed hydra
  8085 | Lair:3   | Killed a four-headed hydra
  8085 | Lair:3   | Received a gift from Okawaru
  8085 | Lair:3   | Reached skill level 11 in Maces & Flails
  8085 | Lair:3   | Reached XP level 12. HP: 54/75 MP: 17/17
  8101 | Lair:3   | Reached ****** piety under Okawaru
  8117 | Lair:3   | Got a slimy hat {god gift}
  8128 | Lair:3   | Identified the -5 hat of Amalutil {Dex+5} (Okawaru gifted
                  | it to you on level 3 of the Lair of Beasts)
  8909 | Lair:2   | Found a staircase to the Swamp.
  8909 | Lair:2   | Noticed an eight-headed hydra
  8916 | Lair:2   | Killed an eight-headed hydra
  9926 | Lair:4   | Noticed a four-headed hydra
  9934 | Lair:4   | Killed a four-headed hydra
 10356 | Lair:4   | Learned a level 2 spell: Passwall
 10382 | Lair:4   | Killed from afar by an oklob plant

Levels and vault maps discovered:
D:1:      wander_arrival_fairy_ring, layout_basic
D:2:      layout_basic, minitemple, first_ration
D:3:      layout_rooms, old_standard_altar
D:4:      layout_cave_pools, nicolae_overflow_quartered_altars, serial_shops,
          nicolae_shop_statue_plus, nicolae_shop_overgrown_old_shop,
          elyvilon_altar_1
D:5:      layout_loops_ring, sigmund_edmund_badplayer, uniq_edmund
D:6:      layout_basic, minmay_temple_entry_sparse_star, basic_altar,
          grunt_qazlal_sundering
D:7:      layout_loops_cross, grunt_ogre_cave
D:8:      layout_loops_ring, minmay_fountain_box
D:9:      layout_basic, erik_lair_dragon, hangedman_abyss_or_decor_slice
Lair:1:   layout_regular_city
Lair:2:   layout_roguey, palyth_hydra_swamp_entry
Lair:3:   layout_regular_city, kennysheep_catoblepas_arena
Lair:4:   dpeg_oklob_gauntlet, layout_small_grid, spider_nest_entry_webs
Lair:5:   layout_cave_pods, slime_altar_2, nicolae_volcano_entry_two_sided,
          minmay_hedge_maze, grunt_forest_large_clearings

Skill      XL: |  1  2  3  4  5  6  7  8  9 10 11 12 |
---------------+-------------------------------------+-----
Maces & Flails | 4 5 6 7 8 9 11 | 11.7
Shields        | 4 5 6 7 8 9 |  9.2
Armour         | 4 5 6 7 8 9 |  9.2
Invocations    | 1 2 3 5 6 7 8 |  8.2
Evocations     | 1 2 3 4 5 6 |  6.9
Fighting       | 4 5 6 7 8 9 |  9.1

Action                   |  1- 3 |  4- 6 |  7- 9 | 10-12 || total
-------------------------+-------+-------+-------+-------++-------
Melee: Flail             |    89 |   138 |   281 |    56 ||   564
       Mace              |       |       |       |   367 ||   367
 Cast: Passwall          |       |       |       |     1 ||     1
Evoke: Wand              |       |       |     2 |       ||     2
       Fan of gales      |       |       |       |     1 ||     1
  Use: Scroll            |       |    11 |    11 |     3 ||    25
       Potion            |       |       |     1 |       ||     1
 Stab: Petrified         |       |       |       |     4 ||     4
  Eat: Chunk             |       |     5 |     9 |    18 ||    32
Armor: Scale mail        |    39 |     6 |       |       ||    45
       Chain mail        |       |    82 |   120 |   199 ||   401
Dodge: Dodged            |    26 |    37 |    37 |    75 ||   175
       Deflected         |       |       |       |     7 ||     7
Block: Shield            |    39 |    56 |       |       ||    95
       Large shield      |       |    19 |   199 |   345 ||   563

Table legend:
 A = Non-vault XP
 B = Vault XP
 C = Vault XP percentage of total XP
 D = Non-vault monster count
 E = Vault monster count
 F = Vault count percentage of total count
                 A         B        C        D         E       F
            +---------+---------+-------+---------+---------+-------
      Total |   21173 |    6905 |  24.6 |     254 |      25 |   9.0
            +---------+---------+-------+---------+---------+-------
        D:1 |      23 |       0 |   0.0 |      14 |       0 |   0.0
        D:2 |     103 |       0 |   0.0 |      21 |       0 |   0.0
        D:3 |      76 |       0 |   0.0 |      15 |       0 |   0.0
        D:4 |     410 |       0 |   0.0 |      18 |       0 |   0.0
        D:5 |     472 |     374 |  44.2 |      29 |       2 |   6.5
        D:6 |     322 |       0 |   0.0 |       9 |       0 |   0.0
        D:7 |     847 |     116 |  12.0 |      21 |       1 |   4.5
        D:8 |    2655 |       0 |   0.0 |      45 |       0 |   0.0
        D:9 |     972 |     864 |  47.1 |      14 |       6 |  30.0
     Lair:1 |    1296 |       0 |   0.0 |       6 |       0 |   0.0
     Lair:2 |    5732 |    2742 |  32.4 |      26 |       7 |  21.2
     Lair:3 |    5681 |    1803 |  24.1 |      28 |       4 |  12.5
     Lair:4 |    2584 |     895 |  25.7 |       8 |       4 |  33.3
     Lair:5 |       0 |     111 | 100.0 |       0 |       1 | 100.0
            +---------+---------+-------+---------+---------+-------
